AoeStats
← gokulsurya003

Arena

510247944Analyzed
4v4 RM · 2d ago on Sep 30, 2026· 42m 42s· 8 players
Game mode
Random Map
Map size
Large (8 player)
Population
200
Speed
Normal
Resources
Standard
Victory
Conquest
Starting age
Dark Age
Ending age
Imperial Age
RankedLock teamsTeams togetherTeam positionsShared explorationLock speedFull tech treeHidden civsTurbo modeCheats
Victory
Defeat
🇲🇽 Turks · Mexico
904
+9
🇺🇸 Japanese · United States
868
+10
🇲🇽 Khmer · Mexico
800
+13
🇨🇱 Britons · Chile
787
+13
🇧🇪 Burgundians · Belgium
800
-14
🇺🇸 Italians · United States
737
-11
🇮🇳 Byzantines · India
713
-11
🇨🇴 Bohemians · Colombia
691
-10
FoxyWaves
11:39 Feudal Age
11:12 Double-Bit Axe
11:11 Horse Collar
14:22 Bow Saw
15:56 Heavy Plow
17:06 Gold Mining
21:24 Castle Age
19:49 Stone Mining
21:23 Wheelbarrow
20:37 Town Watch
24:08 Two-Man Saw
24:59 Scale Barding Armor
25:05 Forging
26:14 Gold Shaft Mining
26:29 Burgundian Vineyards
27:06 Husbandry
26:39 Light Cavalry
28:22 Stone Shaft Mining
29:17 Crop Rotation
33:31 Chain Barding Armor
36:06 Imperial Age
33:46 Town Watch
35:21 Murder Holes
36:14 Iron Casting
37:34 Hussar
38:32 Masonry
38:03 Treadmill Crane
gokulsurya003
0:42 Loom
13:26 Feudal Age
15:01 Wheelbarrow
16:09 Double-Bit Axe
16:17 Gold Mining
16:18 Stone Mining
22:07 Castle Age
22:14 Castle Age
27:06 Hand Cart
30:26 Imperial Age
29:17 Scale Barding Armor
29:16 Scale Mail Armor
30:53 Husbandry
31:08 Cavalier
36:53 Stone Shaft Mining
36:53 Gold Shaft Mining
36:13 Paladin
Caligula
0:30 Loom
12:22 Feudal Age
12:48 Double-Bit Axe
13:49 Wheelbarrow
13:00 Town Watch
12:58 Horse Collar
20:41 Castle Age
21:36 Bow Saw
22:14 Hand Cart
22:34 Heavy Plow
32:38 Imperial Age
32:21 Chemistry
31:50 Murder Holes
34:24 Two-Man Saw
34:28 Town Patrol
35:23 Fortified Wall
35:25 Masonry
36:04 Conscription
35:17 Sappers
37:04 Wagenburg Tactics
40:32 Architecture
39:28 Pikeman
40:10 Squires
kevingreese
0:29 Loom
13:15 Feudal Age
13:43 Town Watch
14:34 Wheelbarrow
13:49 Double-Bit Axe
21:22 Gold Mining
21:23 Stone Mining
36:18 Castle Age
37:36 Stone Shaft Mining
37:21 Bow Saw
37:53 Bow Saw
kevinfz101006xr
10:22 Feudal Age
14:31 Castle Age
21:07 Gold Mining
21:05 Double-Bit Axe
21:08 Horse Collar
25:44 Fletching
25:54 Padded Archer Armor
26:32 Wheelbarrow
26:09 Bow Saw
26:02 Heavy Plow
28:12 Bodkin Arrow
28:33 Leather Archer Armor
28:27 Gold Mining
31:47 Imperial Age
29:37 Guard Tower
30:07 Ballistics
29:29 Treadmill Crane
31:16 Hand Cart
31:44 Gold Shaft Mining
30:59 Stone Mining
32:04 Caravan
32:57 Bracer
33:27 Ring Archer Armor
33:38 Parthian Tactics
33:31 Yasama
35:44 Keep
34:56 Arrowslits
36:11 Chemistry
35:22 Heavy Cavalry Archer
36:30 Conscription
36:27 Murder Holes
37:08 Thumb Ring
38:54 Siege Engineers
38:55 Scale Mail Armor
39:06 Forging
El Tlatoani
11:00 Feudal Age
16:50 Castle Age
15:38 Double-Bit Axe
17:42 Man-at-Arms
35:57 Imperial Age
33:50 Bloodlines
33:40 Husbandry
34:13 Gold Mining
34:40 Bow Saw
34:14 Horse Collar
36:19 Wheelbarrow
37:20 Conscription
37:01 Artillery
36:51 Elite Janissary
41:35 Artillery
42:35 Hand Cart
soytupadreelgabo
14:49 Feudal Age
21:38 Castle Age
20:55 Double-Bit Axe
20:53 Horse Collar
21:08 Stone Mining
21:50 Light Cavalry
27:53 Stone Shaft Mining
27:13 Gold Mining
29:37 Bow Saw
29:29 Heavy Plow
31:49 Gold Shaft Mining
35:35 Imperial Age
36:52 Double Crossbow
38:01 Chemistry
38:09 Wheelbarrow
38:38 Heavy Scorpion
39:10 Hussar
41:36 Hand Cart
Dr Deleetus
12:08 Feudal Age
16:51 Castle Age
15:05 Double-Bit Axe
15:29 Horse Collar
17:57 Wheelbarrow
18:20 Bow Saw
18:57 Stone Mining
22:57 Loom
25:30 Heavy Plow
27:09 Gold Mining
28:26 Hand Cart
28:05 Town Watch
28:15 Man-at-Arms
28:15 Pikeman
29:02 Squires
29:53 Fletching
30:03 Padded Archer Armor
30:18 Long Swordsman
31:18 Treadmill Crane
34:14 Imperial Age
32:27 Bodkin Arrow
32:57 Ballistics
34:11 Gold Shaft Mining
34:18 Elite Longbowman
35:19 Conscription
36:05 Chemistry
35:07 Bracer
35:31 Leather Archer Armor
36:12 Masonry
36:14 Forging
36:04 Scale Mail Armor
36:13 Scale Barding Armor
36:29 Halberdier
36:56 Arson
36:56 Gambesons
36:32 Two-Handed Swordsman
38:08 Ring Archer Armor
38:07 Fortified Wall
43:08 Two-Man Saw
42:10 Town Patrol
Connection lost

Rejoining the realm…

Still unreachable

The connection could not be restored.

Session expired

The server has moved on; the page needs a fresh start.